 Dungeon Crawl Stone Soup version 0.31-a0-231-g51bb95cda3 (webtiles) character file.

Game seed: 16263552574704550471

10 qw the Shooter (level 2, -1/16 HPs)
             Began as a Gargoyle Hexslinger on July 6, 2023.
             Frozen to death by an endoplasm (5 damage)
             ... on level 1 of the Dungeon.
             The game lasted 00:00:07 (189 turns).

qw the Shooter (Gargoyle Hexslinger)                 Turns: 189, Time: 00:00:07

Health: -1/16      AC:  4    Str: 11    XL:     2   Next: 20%
Magic:  3/3        EV: 12    Int: 13    God:
Gold:   40         SH:  0    Dex: 12    Spells: 2/3 levels left

rFire   . . .        a - +1 sling
rCold   . . .        (no shield)
rNeg    + . .        c - +0 robe
rPois   inf          (no helmet)
rElec   +            (no cloak)
rCorr   .            (no gloves)
SInv    .            (no boots)
Will    .....        (no amulet)
Stlth   +            (no ring)
HPRegen 0.22/turn    (no ring)
MPRegen 0.08/turn

%: no passive effects
@: no status effects
A: sickness immunity, AC +2, negative energy resistance 1, electricity
resistance, torment resistance 1, petrification resistance
a: no special abilities


You were on level 1 of the Dungeon.
You visited 1 branch of the dungeon, and saw 1 of its levels.

You collected 40 gold pieces.


Innate Abilities, Weirdness & Mutations

You are immune to sickness and miasma.
Your stone body is resilient. (AC +2)
You are immune to poison.
You resist negative energy. (rN+)
You are resistant to electric shocks. (rElec)
You are resistant to unholy torment.
You are immune to petrification.


   Skills:
 - Level 1.1 Fighting
 + Level 2.8 Ranged Weapons
 - Level 1.5 Dodging
 - Level 1.0 Spellcasting
 - Level 2.6 Hexes


You had 2 spell levels left.
You knew the following spells:

 Your Spells              Type           Power      Damage    Failure   Level
a - Slow                  Hex            28%        N/A       10%         1

Your spell library contained the following spells:

 Spells                   Type           Power      Damage    Failure   Level
 Inner Flame              Hex/Fire       4%         N/A       43%         3
 Portal Projectile        Hex/Tloc       8%         N/A       43%         3
 Cause Fear               Hex            3%         N/A       67%         4

Inventory:

Hand Weapons
 a - a +1 sling (weapon)
Armour
 c - a +0 robe (worn)
Scrolls
 b - a scroll of poison
 e - a scroll of enchant weapon {unknown}
Potions
 d - a potion of cancellation {unknown}

Dungeon Overview and Level Annotations

Branches:
Dungeon (1/15)

Altars:

Shops:
D:1 *


Message History

The ball python hisses angrily.
The jackal barks!
The jackal bites you but does no damage.
An endoplasm comes into view.
The jackal barely misses you.
You shoot a sling bullet. The sling bullet hits the jackal.
The jackal is severely wounded.
The jackal barely misses you. The jackal misses you.
The jackal bites you but does no damage.
You shoot a sling bullet.
The sling bullet hits the jackal but does no damage.
The jackal is severely wounded.
The jackal misses you. The jackal closely misses you. The jackal bites you. x2
You shoot a sling bullet.
The sling bullet closely misses the jackal.
The sling bullet hits the ball python.
You kill the ball python!
The jackal closely misses you. The jackal barely misses you.
The jackal closely misses you. The endoplasm misses you.
You shoot a sling bullet. The sling bullet hits the jackal.
You kill the jackal!
The jackal barely misses you. The endoplasm closely misses you.
The jackal bites you but does no damage.
You shoot a sling bullet. The sling bullet misses the jackal.
The jackal bites you. The endoplasm barely misses you.
The jackal barely misses you.
You shoot a sling bullet.
The sling bullet closely misses the jackal.
The endoplasm hits you but does no damage.
The jackal bites you but does no damage.
The dart slug bites you.
You shoot a sling bullet.
The sling bullet hits the jackal but does no damage.
The jackal bites you. The endoplasm freezes you.
You are frozen.
The jackal bites you but does no damage.
The dart slug bites you but does no damage.
The endoplasm freezes you.
You are frozen.
You die...

... #. #.# ###..
...## .... ..#.#
....###... #..#...#
##...Jwh##### #
#.....@.....#.. #
#.............
###.#....#..###.##.
...................
##................
#.........###.##
###......#.##)#
#...........#
###....#.########


You could see a dart slug, an endoplasm and a jackal.

Vanquished Creatures
  An endoplasm (D:1)
  2 giant cockroaches (D:1)
  A goblin (D:1)
  2 jackals (D:1)
  A ball python (D:1)
  A frilled lizard (D:1)
  A rat (D:1)
9 creatures vanquished.

Notes
Turn   | Place    | Note
-------+----------+-------------------------------------------
     0 | D:1      | qw the Gargoyle Hexslinger began the quest for the Orb.
     0 | D:1      | Reached XP level 1. HP: 12/12 MP: 2/2
     0 | D:1      | 0 ||| qw: Version: 0.3-a-46-gb1f654a
     0 | D:1      | 0 ||| qw: Game counter: 1910
     0 | D:1      | 0 ||| qw: Melee chars always use a shield: true
     0 | D:1      | 0 ||| qw: God list: Okawaru
     0 | D:1      | 0 ||| qw: Allow faded altars: false
     0 | D:1      | 0 ||| qw: Do Orc after clearing Dungeon:15 true
     0 | D:1      | 0 ||| qw: Do second Lair branch before Depths: true
     0 | D:1      | 0 ||| qw: Lair rune preference: random
     0 | D:1      | 0 ||| qw: Goals: Normal
     0 | D:1      | 0 ||| PLANNING D:1-11
    11 | D:1      | Found Lokis's Assorted Antiques.
    29 | D:1      | 29 ||| SHOPLISTING lumpy inky potion (22 gold, have 16).
    29 | D:1      | 29 ||| SHOPLISTING ring mail (100 gold, have 16).
    29 | D:1      | 29 ||| SHOPLISTING scroll labelled CUZXIA WOHAS (25 gold,
                  | have 16).
    29 | D:1      | 29 ||| SHOPLISTING scroll labelled GOLOINIAPT (25 gold,
                  | have 16).
    29 | D:1      | 29 ||| SHOPLISTING scroll labelled KONGUM GESCHUI (25 gold,
                  | have 16).
    29 | D:1      | 29 ||| SHOPLISTING scroll labelled RIL BIEFFU (25 gold,
                  | have 16).
   168 | D:1      | Reached XP level 2. HP: 16/16 MP: 3/3
   189 | D:1      | HP: 4/16 [frozen (3)]
   189 | D:1      | Frozen to death by an endoplasm

Levels and vault maps discovered:
D:1:      dpeg_arrival_short_road, layout_loops_ring, serial_shops, shop,
          nicolae_shop_waterfront

Action                     || total
---------------------------++-------
   Fire: Sling             ||    33
 Armour: Robe              ||    13
  Dodge: Dodged            ||    21

Table legend:
 A = Non-vault XP
 B = Vault XP
 C = Vault XP percentage of total XP
 D = Non-vault monster count
 E = Vault monster count
 F = Vault count percentage of total count
                 A         B        C        D         E       F
            +---------+---------+-------+---------+---------+-------
      Total |      15 |       0 |   0.0 |       9 |       0 |   0.0
            +---------+---------+-------+---------+---------+-------
        D:1 |      15 |       0 |   0.0 |       9 |       0 |   0.0
            +---------+---------+-------+---------+---------+-------
